cohdb
Replays
Latest Replays
All Replays
Popular Replays
Top Player Replays
Match Explorer
How It Works
Community
CoH3 Stats
Reddit
Sign in to upload your games and track your stats! →
Sign in with Steam
Match 41324021
Unlisted
Match 41324021
Overview
Messages
Build Orders
End
Construct Infanterie Kompanie
Selects Luftwaffe Battlegroup
MG 42 Machine Gun Team
Grenadier Squad
MG 42 Machine Gun Team
Construct Panzergrenadier Kompanie
Selects Stuka Strafing Run
Panzergrenadier Squad
251 Medium Carrier
Stuka Strafing Run
Pak 40 Anti-tank Gun Team
Panzergrenadier Officer Quarters
Panzergrenadier Squad
Selects Fallschirmjäger Squad Paradrop
Pak 40 Anti-tank Gun Team
Construct Panzer Kompanie
Stuka Strafing Run
Selects Luftwaffe Pioneer Support
Fallschirmpioneer Squad Paradrop
Selects Stuka Loiter
Stuka Loiter
Panzer IV Medium Tank
Panzer IV Medium Tank
Panzer Officer Quarters
Homam
Nebras
CHILL-OUT
Mr.Chokleta
BloodSpark
Cons01
CAD4
Haddam Sussein
0
0
Comments
sign in to comment!
No comments posted yet!